[Event "January 2 Early 2024"]
[Site "https://www.chess.com"]
[Date "2024.01.02"]
[Round "1"]
[White "Drygalov, Andrey"]
[Black "Stojanovski, Sandi"]
[Result "1-0"]
[Board "45"]
[TimeControl "180+1"]
[WhiteFideId "24171735"]
[BlackFideId "1403249"]
[WhiteElo "2955"]
[BlackElo "2500"]
[WhiteTeam "RUS"]
[BlackTeam "DEN"]
[WhiteClock "0:00:28"]
[BlackClock "0:00:05"]

1. e4 d6 2. d4 Nf6 3. Nc3 g6 4. f4 Bg7 5. Nf3 O-O 6. Bd3 Nc6 7. e5 dxe5 8. fxe5 Ng4 9. h3 Nh6 10. d5 Nb4 11. Be4 c6 12. dxc6 Qxd1+ 13. Nxd1 Nxc6 14. g4 f5 15. exf6 exf6 16. Bd5+ Kh8 17. Ne3 f5 18. g5 Nf7 19. c3 Nfe5 20. Ng2 Nxf3+ 21. Bxf3 Re8+ 22. Kf2 Ne5 23. Nf4 Nxf3 24. Kxf3 Bd7 25. Rd1 Bc6+ 26. Kf2 Kg8 27. Be3 Kf7 28. Bd4 Re4 29. Kg3 Bxd4 30. Rxd4 Rxd4 31. cxd4 Rd8 32. Rd1 Be4 33. Kf2 Ke7 34. Ke3 Rc8 35. Rd2 Kd6 36. h4 b5 37. h5 gxh5 38. Nxh5 Rc7 39. Nf6 Bd5 40. a3 Re7+ 41. Kf4 Be4 42. Rh2 a5 43. Rxh7 Rxh7 44. Nxh7 Ke7 45. g6 b4 46. axb4 axb4 47. Ng5 Bd5 48. Kxf5 Kd6 49. Kf6 Kc6 50. Nf7 1-0

[Event "January 2 Early 2024"]
[Site "https://www.chess.com"]
[Date "2024.01.02"]
[Round "1"]
[White "Shishkov, Andrei"]
[Black "Bok, Benjamin"]
[Result "0-1"]
[Board "46"]
[TimeControl "180+1"]
[WhiteFideId "4500563"]
[BlackFideId "1017063"]
[WhiteElo "2499"]
[BlackElo "2951"]
[WhiteTeam "EST"]
[BlackTeam "NED"]
[WhiteClock "0:00:03"]
[BlackClock "0:02:15"]

1. d4 Nf6 2. c4 e6 3. Nc3 Bb4 4. Qc2 d5 5. cxd5 exd5 6. Bf4 O-O 7. e3 c5 8. dxc5 Nc6 9. Nf3 d4 10. O-O-O Bxc5 11. exd4 Bd6 12. Bxd6 Qxd6 13. a3 Be6 14. Kb1 Na5 15. d5 Nxd5 16. Nxd5 Bxd5 17. Ng5 g6 18. Ne4 Bxe4 19. Rxd6 Bxc2+ 20. Kxc2 Rac8+ 21. Kb1 Rfd8 22. Rxd8+ Rxd8 23. Kc2 Rc8+ 24. Kb1 Nb3 25. Bd3 Nd2+ 26. Ka2 Rd8 27. Bc2 Nc4 28. Rd1 Re8 29. Rd7 Re2 30. Bb3 Rxb2+ 0-1

[Event "January 2 Early 2024"]
[Site "https://www.chess.com"]
[Date "2024.01.02"]
[Round "1"]
[White "Korpics, Zsolt"]
[Black "Tari, Aryan"]
[Result "0-1"]
[Board "48"]
[TimeControl "180+1"]
[WhiteFideId "705241"]
[BlackFideId "1510045"]
[WhiteElo "2496"]
[BlackElo "2948"]
[WhiteTeam "HUN"]
[BlackTeam "NOR"]
[WhiteClock "0:00:00"]
[BlackClock "0:00:57"]

1. e4 c6 2. Nf3 d5 3. Nc3 dxe4 4. Nxe4 Nf6 5. Qe2 Nxe4 6. Qxe4 Nd7 7. Bc4 Nf6 8. Ne5 e6 9. Qf4 Bd6 10. d4 O-O 11. Qh4 Bxe5 12. dxe5 Qa5+ 13. c3 Qxe5+ 14. Be3 Nd5 15. Bxd5 cxd5 16. O-O Qf6 17. Qg3 Qg6 18. Qxg6 hxg6 19. f4 Bd7 20. Bd4 f6 21. Rfe1 Kf7 22. Re2 a5 23. a3 b5 24. Rae1 Rfc8 25. b4 axb4 26. axb4 Ra3 27. Re3 Rca8 28. h3 Ra2 29. R3e2 Rxe2 30. Rxe2 g5 31. fxg5 e5 32. Bc5 Bf5 33. Rf2 Be4 34. gxf6 gxf6 35. Re2 Ke6 36. Re3 Rg8 37. g3 f5 38. Kh2 Ra8 39. Re2 Ra1 40. g4 f4 41. Bg1 Rc1 42. Ra2 Rxc3 43. Ra6+ Kf7 44. Ra7+ Ke8 45. Ra8+ Kd7 46. Ra7+ Kc8 47. Ra8+ Kb7 48. Ra2 d4 49. Rd2 d3 50. h4 Rc2 0-1

[Event "January 2 Early 2024"]
[Site "https://www.chess.com"]
[Date "2024.01.02"]
[Round "1"]
[White "Praggnanandhaa R"]
[Black "Petukhov, Dmitry"]
[Result "0-1"]
[Board "49"]
[TimeControl "180+1"]
[WhiteFideId "25059530"]
[BlackFideId "4142748"]
[WhiteElo "2948"]
[BlackElo "2495"]
[WhiteTeam "IND"]
[BlackTeam "RUS"]
[WhiteClock "0:00:00"]
[BlackClock "0:00:18"]

1. d4 Nf6 2. Bg5 g6 3. e3 Bg7 4. Nd2 d5 5. Ngf3 O-O 6. Be2 c5 7. c3 Nc6 8. O-O Bf5 9. dxc5 e5 10. b4 a6 11. a4 h6 12. Bh4 g5 13. Bg3 d4 14. exd4 exd4 15. Nxd4 Nxd4 16. cxd4 Qxd4 17. Nc4 Ne4 18. Qb3 a5 19. Rad1 Qc3 20. Rd3 Qxb4 21. Qxb4 axb4 22. Rb3 Rxa4 23. Nb6 Ra2 24. Bf3 Nd2 25. Rxb4 Nxf1 26. Bd6 Re8 27. Ra4 Rxa4 28. Nxa4 Re1 29. h3 h5 30. Bxb7 h4 31. g4 Be6 32. Nb6 Rb1 33. Be4 Rc1 34. Bb7 Bd4 35. Kg2 Nd2 36. Na4 Bb3 37. c6 Bd5+ 0-1

[Event "January 2 Early 2024"]
[Site "https://www.chess.com"]
[Date "2024.01.02"]
[Round "1"]
[White "Olsson, Linus"]
[Black "Kamsky, Gata"]
[Result "0-1"]
[Board "50"]
[TimeControl "180+1"]
[WhiteFideId "1706098"]
[BlackFideId "2000024"]
[WhiteElo "2492"]
[BlackElo "2946"]
[WhiteTeam "SWE"]
[BlackTeam "USA"]
[WhiteClock "0:00:07"]
[BlackClock "0:01:15"]

1. d4 f5 2. g3 Nf6 3. Bg2 g6 4. Nh3 Bg7 5. Nf4 O-O 6. h4 d6 7. h5 e5 8. h6 Bh8 9. Nh3 e4 10. Bg5 Qe8 11. e3 Ng4 12. c4 Nc6 13. Nc3 Bf6 14. Qb3 Bxg5 15. Nxg5 Kh8 16. Nd5 Qd8 17. Nh3 Nxh6 18. O-O-O Kg7 19. Nhf4 Ng4 20. Rd2 Ne7 21. f3 exf3 22. Bxf3 c6 23. Nxe7 Qxe7 24. Bxg4 fxg4 25. Rdh2 h5 26. Nxh5+ gxh5 27. Rxh5 Bf5 28. Qd1 Qe4 29. Rxf5 Rxf5 0-1

[Event "January 2 Early 2024"]
[Site "https://www.chess.com"]
[Date "2024.01.02"]
[Round "1"]
[White "Daneshvar, Bardiya"]
[Black "Ladan, Nicholas"]
[Result "1-0"]
[Board "51"]
[TimeControl "180+1"]
[WhiteFideId "12576468"]
[BlackFideId "30918855"]
[WhiteElo "2944"]
[BlackElo "2491"]
[WhiteTeam "IRI"]
[BlackTeam "USA"]
[WhiteClock "0:00:41"]
[BlackClock "0:00:00"]

1. Nf3 d5 2. d3 Nf6 3. Nbd2 Bg4 4. h3 Bh5 5. g4 Bg6 6. Ne5 Nbd7 7. Nxg6 hxg6 8. Bg2 e6 9. e3 c6 10. b3 Bb4 11. Bb2 Qa5 12. a3 Bxd2+ 13. Qxd2 Qxd2+ 14. Kxd2 a5 15. f4 Ke7 16. Bf3 Rh7 17. Bc3 Ne8 18. e4 Nd6 19. Ke3 b5 20. e5 Nc8 21. b4 a4 22. Bd4 Ncb6 23. Kf2 Rc8 24. Kg3 Na8 25. h4 Nc7 26. Rh2 Na6 27. Rb1 Rch8 28. Be3 Rc8 29. h5 gxh5 30. gxh5 Rg8 31. Rg1 Kd8 32. Kf2 Kc7 33. Rhg2 c5 34. bxc5 Naxc5 35. Rg5 Kc6 36. Ke2 Na6 37. c4 bxc4 38. dxc4 Nc7 39. Rc1 Kb7 40. Rb1+ Kc6 41. Rgg1 Rb8 42. Rgc1 Rxb1 43. cxd5+ Kb7 44. Rxb1+ Kc8 45. d6 Nd5 46. Bxd5 exd5 47. Rb5 Rxh5 48. Rxd5 f6 49. e6 Rxd5 50. e7 Rxd6 51. e8=Q+ Kc7 52. Qe4 g5 53. Qxa4 gxf4 54. Bxf4 Ne5 55. Qa5+ Kd7 56. Qb5+ Ke6 57. a4 Rd5 58. Qb3 Kd6 59. Bd2 Ke6 60. a5 Kd6 61. a6 Rd3 62. Qb4+ Kc7 63. a7 1-0

[Event "January 2 Early 2024"]
[Site "https://www.chess.com"]
[Date "2024.01.02"]
[Round "1"]
[White "Balla, Tamas-Kristof"]
[Black "Drygalov, Sergey"]
[Result "0-1"]
[Board "52"]
[TimeControl "180+1"]
[WhiteFideId "1208497"]
[BlackFideId "24171743"]
[WhiteElo "2490"]
[BlackElo "2944"]
[WhiteTeam "ROU"]
[BlackTeam "RUS"]
[WhiteClock "0:01:45"]
[BlackClock "0:01:43"]

1. e4 c6 2. d4 d5 3. e5 Bf5 4. h4 h5 5. Bd3 Bxd3 6. Qxd3 e6 7. Bg5 Qa5+ 8. Nd2 Nd7 9. Nf3 Ne7 10. O-O Nf5 11. c4 Qa6 12. b3 Bb4 13. g3 c5 14. a3 Bxd2 15. Bxd2 cxd4 16. Nxd4 Nxe5 17. Qc3 Nxd4 18. Qxd4 Nf3+ 0-1

[Event "January 2 Early 2024"]
[Site "https://www.chess.com"]
[Date "2024.01.02"]
[Round "1"]
[White "Ashraf, Artin"]
[Black "Weisz, Bryan"]
[Result "0-1"]
[Board "53"]
[TimeControl "180+1"]
[WhiteFideId "22514805"]
[BlackFideId "30934133"]
[WhiteElo "2943"]
[BlackElo "2490"]
[WhiteTeam "IRI"]
[BlackTeam "USA"]
[WhiteClock "0:01:20"]
[BlackClock "0:00:24"]

1. d4 d6 2. e4 Nf6 3. Nc3 Nbd7 4. Nf3 e5 5. Bc4 Be7 6. O-O O-O 7. Re1 c6 8. a4 b6 9. h3 a6 10. d5 Bb7 11. dxc6 Bxc6 12. Bg5 Nc5 13. Bxf6 Bxf6 14. Bd5 Rc8 15. Bxc6 Rxc6 16. Nd5 g6 17. Qe2 Bg7 18. b4 Ne6 19. Qxa6 Rxc2 20. Nxb6 Nf4 21. Rac1 Rb2 22. Qb5 Rb3 23. Rc8 Qe7 24. Rxf8+ Bxf8 25. Nd5 Nxd5 26. exd5 Rb2 27. a5 Qa7 28. Qc4 Qxf2+ 29. Kh1 Qxg2# 0-1

[Event "January 2 Early 2024"]
[Site "https://www.chess.com"]
[Date "2024.01.02"]
[Round "1"]
[White "Fiedorek, Michal"]
[Black "NevorLegov"]
[Result "0-1"]
[Board "54"]
[TimeControl "180+1"]
[WhiteFideId "1199528"]
[WhiteElo "2488"]
[BlackElo "2940"]
[WhiteTeam "POL"]
[WhiteClock "0:00:30"]
[BlackClock "0:02:07"]

1. e4 c5 2. Nf3 d6 3. d4 cxd4 4. Nxd4 Nf6 5. Nc3 a6 6. Be3 e6 7. Be2 Qc7 8. O-O Be7 9. a4 b6 10. f4 Bb7 11. Bf3 Nbd7 12. Kh1 O-O 13. Qe1 Rfe8 14. g4 Nc5 15. Bg1 d5 16. exd5 exd5 17. Nf5 Bf8 18. Qh4 Qxf4 19. Ne2 Rxe2 20. Bxe2 d4+ 0-1

[Event "January 2 Early 2024"]
[Site "https://www.chess.com"]
[Date "2024.01.02"]
[Round "1"]
[White "Santos Latasa, Jaime"]
[Black "Durucay, Uygar"]
[Result "1-0"]
[Board "55"]
[TimeControl "180+1"]
[WhiteFideId "2293307"]
[BlackFideId "44591560"]
[WhiteElo "2939"]
[BlackElo "2486"]
[WhiteTeam "ESP"]
[BlackTeam "TUR"]
[WhiteClock "0:02:26"]
[BlackClock "0:01:47"]

1. Nf3 Nf6 2. b4 e6 3. a3 d5 4. Bb2 c5 5. bxc5 Bxc5 6. e3 O-O 7. c4 Nc6 8. d4 Be7 9. Nbd2 b6 10. Be2 Bb7 11. O-O Rc8 12. Rc1 Na5 13. Ne5 Bd6 14. cxd5 Bxd5 15. Rxc8 Qxc8 16. Nd3 Qb7 17. f3 Bc4 18. e4 Bf4 19. Nxf4 1-0

[Event "January 2 Early 2024"]
[Site "https://www.chess.com"]
[Date "2024.01.02"]
[Round "1"]
[White "Hasanagic, Anel"]
[Black "Makhnev, Denis"]
[Result "0-1"]
[Board "56"]
[TimeControl "180+1"]
[WhiteFideId "14605791"]
[BlackFideId "13707647"]
[WhiteElo "2485"]
[BlackElo "2934"]
[WhiteTeam "SLO"]
[BlackTeam "KAZ"]
[WhiteClock "0:00:10"]
[BlackClock "0:00:08"]

1. b4 e5 2. Bb2 Bxb4 3. Bxe5 Nf6 4. Nf3 O-O 5. e3 Re8 6. c4 d5 7. cxd5 Nxd5 8. a3 Bf8 9. Be2 c5 10. O-O Nc6 11. Bb2 a6 12. d4 Qb6 13. Qd2 Rd8 14. Rd1 Bg4 15. h3 Bh5 16. Nc3 cxd4 17. Nxd4 Bxe2 18. Nxd5 Rxd5 19. Qxe2 Rad8 20. Nxc6 Qxc6 21. Rxd5 Qxd5 22. Rc1 h5 23. a4 h4 24. e4 Qd2 25. Qxd2 Rxd2 26. Bc3 Rd3 27. Kf1 Ba3 28. Rc2 Rd7 29. Ke2 f6 30. Ra2 Bc5 31. f3 Kf7 32. a5 Ke6 33. Rb2 Rc7 34. Bd2 Rd7 35. Bc3 Bd6 36. Rb6 Ke7 37. Be1 g5 38. Bd2 Bc5 39. Bb4 Bxb4 40. Rxb4 Kd6 41. Rb6+ Ke5 42. Ke3 Rc7 43. Rb3 Ke6 44. Rb6+ Kf7 45. Rb3 Kg6 46. f4 gxf4+ 47. Kxf4 Rc5 48. Rxb7 Rxa5 49. g3 hxg3 50. Kxg3 Ra1 51. Rb6 Kf7 52. Rb7+ Ke6 53. Kf4 a5 54. Rb6+ Kf7 55. Ra6 a4 56. Ra7+ Kg6 57. Ra6 a3 58. e5 a2 59. Rxf6+ Kg7 60. Ra6 Rf1+ 61. Kg5 a1=Q 62. Rxa1 Rxa1 63. h4 Rg1+ 64. Kf5 Kf7 65. h5 Rh1 66. Kg5 Re1 67. Kf5 Kg7 68. e6 Re2 69. h6+ Kxh6 70. Kf6 Rf2+ 71. Ke7 Kg7 72. Kd7 Rd2+ 73. Ke8 Kf6 74. e7 Re2 0-1

[Event "January 2 Early 2024"]
[Site "https://www.chess.com"]
[Date "2024.01.02"]
[Round "1"]
[White "Aravindh, Chithambaram VR."]
[Black "Azali, Tannaz"]
[Result "1-0"]
[Board "57"]
[TimeControl "180+1"]
[WhiteFideId "5072786"]
[BlackFideId "12537721"]
[WhiteElo "2932"]
[BlackElo "2485"]
[WhiteTeam "IND"]
[BlackTeam "IRI"]
[WhiteClock "0:01:26"]
[BlackClock "0:00:47"]

1. b3 d5 2. Bb2 Nf6 3. Nf3 Bf5 4. g3 e6 5. Bg2 c6 6. d3 h6 7. Nbd2 Be7 8. O-O O-O 9. Ne5 Nbd7 10. e4 Bh7 11. Qe2 dxe4 12. dxe4 Nxe5 13. Bxe5 Qa5 14. Nc4 Qa6 15. Rfe1 Rad8 16. a4 Nd7 17. Bc3 Nb6 18. Qg4 Bg6 19. Ne5 h5 20. Qh3 Bf6 21. Nxg6 fxg6 22. e5 Bg5 23. Bf1 Nc4 24. Bxc4 Qb6 25. Re2 Kh7 26. Bd3 Qc5 27. Qxh5+ Kg8 28. Qxg5 Qxc3 29. Rae1 1-0

[Event "January 2 Early 2024"]
[Site "https://www.chess.com"]
[Date "2024.01.02"]
[Round "1"]
[White "Ribeiro, Matheus Mendes Domingues"]
[Black "Kovalev, Vladislav"]
[Result "0-1"]
[Board "58"]
[TimeControl "180+1"]
[WhiteFideId "324226923"]
[BlackFideId "13504398"]
[WhiteElo "2481"]
[BlackElo "2929"]
[WhiteTeam "BRA"]
[BlackTeam "FID"]
[WhiteClock "0:00:25"]
[BlackClock "0:02:03"]

1. c4 g6 2. Nc3 Bg7 3. g3 e5 4. Bg2 d6 5. Nf3 f5 6. d3 Nf6 7. O-O O-O 8. Rb1 a5 9. a3 h6 10. b4 axb4 11. axb4 g5 12. Bd2 Nc6 13. Ne1 f4 14. Nc2 Ne7 15. Ra1 Rb8 16. Ra7 Qe8 17. d4 Nc6 18. Bxc6 Qxc6 19. c5 Bh3 20. f3 Bxf1 21. b5 Qd7 22. Qxf1 exd4 23. Nxd4 dxc5 24. Nb3 c4 25. Na5 Qxd2 0-1

[Event "January 2 Early 2024"]
[Site "https://www.chess.com"]
[Date "2024.01.02"]
[Round "1"]
[White "Vasquez Schroeder, Rodrigo"]
[Black "Slade, Theodore"]
[Result "1-0"]
[Board "59"]
[TimeControl "180+1"]
[WhiteFideId "3400042"]
[BlackFideId "426547"]
[WhiteElo "2923"]
[BlackElo "2481"]
[WhiteTeam "CHI"]
[BlackTeam "ENG"]
[WhiteClock "0:00:15"]
[BlackClock "0:00:00"]

1. e4 e5 2. Nf3 Nc6 3. Bb5 Nf6 4. d3 Bc5 5. c3 O-O 6. O-O d6 7. h3 Ne7 8. Ba4 Ng6 9. Re1 c6 10. Nbd2 Bb6 11. Nf1 Re8 12. Ng3 d5 13. Bg5 Be6 14. exd5 Qxd5 15. Bxf6 gxf6 16. Bb3 Qd7 17. Nh5 Qe7 18. d4 Rad8 19. Qc1 Kh8 20. Qh6 Rg8 21. dxe5 fxe5 22. Ng5 Nf8 23. Rxe5 Rg6 24. Nxe6 Rxh6 25. Nxd8 Qxd8 26. Bxf7 Rf6 27. Re8 Bxf2+ 28. Kh1 Qd6 29. Nxf6 Qxf6 30. Rxf8+ Kg7 31. Rb8 Qxf7 32. Rf1 Qc7 33. Re8 Bc5 34. Re4 Bd6 35. Rg4+ Kh8 36. b4 h5 37. Rg5 Qh7 38. Rd1 Be7 39. Re5 Bf6 40. Re8+ Kg7 41. Rd7+ Kg6 42. Rxh7 Kxh7 43. Rb8 Bxc3 44. Rxb7+ Kg6 45. a3 a6 46. Rc7 Kf5 47. Rxc6 Bb2 48. Rxa6 h4 49. Ra5+ Kf4 50. b5 Bd4 51. a4 Bc5 52. Ra6 Kg3 53. Rg6+ Kf2 54. Rg4 Be7 55. b6 Bd6 56. b7 Kf1 57. Rxh4 Bc7 58. Rc4 Bb8 59. Rc8 Bd6 60. b8=Q Bxb8 61. Rxb8 1-0

[Event "January 2 Early 2024"]
[Site "https://www.chess.com"]
[Date "2024.01.02"]
[Round "1"]
[White "Adireddy Arjun"]
[Black "Bharath Subramaniyam H"]
[Result "1-0"]
[Board "60"]
[TimeControl "180+1"]
[WhiteFideId "25647709"]
[BlackFideId "46634827"]
[WhiteElo "2481"]
[BlackElo "2922"]
[WhiteTeam "IND"]
[BlackTeam "IND"]
[WhiteClock "0:00:35"]
[BlackClock "0:01:47"]

1. e4 c6 2. d4 d5 3. Nc3 g6 4. e5 Bg7 5. f4 Nh6 6. Nf3 Bg4 7. h3 Bxf3 8. Qxf3 e6 9. Be3 Nf5 10. g4 Nxe3 11. Qxe3 c5 12. O-O-O cxd4 13. Bb5+ Nc6 14. Qxd4 O-O 15. Bxc6 bxc6 16. Na4 Qa5 17. b3 Rfc8 18. Nc5 Qxa2 19. Qa4 Qxa4 20. Nxa4 c5 21. Rhe1 c4 22. b4 Rcb8 23. c3 a5 24. b5 Rxb5 25. f5 Rb3 26. Kc2 Ra3 27. Nb2 Rb8 28. Ra1 Rxa1 29. Rxa1 Bxe5 30. fxe6 fxe6 31. Re1 1-0

[Event "January 2 Early 2024"]
[Site "https://www.chess.com"]
[Date "2024.01.02"]
[Round "1"]
[White "Donchenko, Alexander"]
[Black "Gryshko, Vitalii"]
[Result "1-0"]
[Board "61"]
[TimeControl "180+1"]
[WhiteFideId "24603295"]
[BlackFideId "14174286"]
[WhiteElo "2919"]
[BlackElo "2480"]
[WhiteTeam "GER"]
[BlackTeam "UKR"]
[WhiteClock "0:00:19"]
[BlackClock "0:00:00"]

1. d4 Nf6 2. Nf3 e6 3. c4 b6 4. g3 Bb7 5. Bg2 Be7 6. O-O O-O 7. Re1 c5 8. d5 exd5 9. Nh4 Ne4 10. cxd5 Bxh4 11. Bxe4 Bf6 12. Nc3 d6 13. Qc2 h6 14. Bg2 Nd7 15. Ne4 Bxd5 16. Rd1 Bxe4 17. Bxe4 Rc8 18. Rxd6 Qe7 19. Bf4 Rcd8 20. Rad1 Ne5 21. R6d5 Rxd5 22. Bxd5 Bg5 23. Bxe5 Qxe5 24. b3 Rd8 25. Qc4 Qe7 26. e3 Bf6 27. Rd3 Kf8 28. h4 Rd6 29. Kg2 Qd7 30. a4 Be7 31. Qe4 Bf6 32. Kf1 Qe7 33. Qf3 Qe5 34. Kg2 g6 35. Qd1 Kg7 36. e4 Qe7 37. Qc2 Bd4 38. Rf3 Rf6 39. Rxf6 Qxf6 40. f4 g5 41. e5 Qg6 42. f5 Qh5 43. f6+ Kh8 44. Qe4 gxh4 45. Bc4 Qxe5 46. Qa8+ Kh7 47. Bd3+ 1-0

[Event "January 2 Early 2024"]
[Site "https://www.chess.com"]
[Date "2024.01.02"]
[Round "1"]
[White "Shukhman, Anna"]
[Black "Corrales Jimenez, Fidel"]
[Result "0-1"]
[Board "62"]
[TimeControl "180+1"]
[WhiteFideId "54180058"]
[BlackFideId "3506690"]
[WhiteElo "2480"]
[BlackElo "2917"]
[WhiteTeam "FID"]
[BlackTeam "USA"]
[WhiteClock "0:01:14"]
[BlackClock "0:01:55"]

1. e4 c5 2. Nf3 Nc6 3. Bb5 g6 4. O-O Bg7 5. c3 Nf6 6. Re1 O-O 7. d4 d5 8. e5 Ne4 9. Be3 Qb6 10. Bxc6 bxc6 11. Nbd2 Qxb2 12. Nxe4 dxe4 13. Nd2 Qxc3 14. Nxe4 Qa5 15. Nxc5 Rd8 16. e6 f5 17. Rb1 Qxa2 18. Bg5 Bxd4 19. Be3 Qd5 20. Bxd4 Qxd4 21. Qc2 Rd5 22. Rec1 a5 23. h3 Ba6 24. Rb6 Bb5 25. Nb3 Qxb6 0-1

[Event "January 2 Early 2024"]
[Site "https://www.chess.com"]
[Date "2024.01.02"]
[Round "1"]
[White "Galchenko, Matvey"]
[Black "Mekhane, Adam"]
[Result "1-0"]
[Board "63"]
[TimeControl "180+1"]
[WhiteFideId "24175480"]
[BlackFideId "36050601"]
[WhiteElo "2916"]
[BlackElo "2480"]
[WhiteTeam "FID"]
[BlackTeam "FRA"]
[WhiteClock "0:01:36"]
[BlackClock "0:00:02"]

1. e4 c5 2. c3 Nf6 3. e5 Nd5 4. Nf3 Nc6 5. Bc4 Nb6 6. Bb3 d5 7. exd6 Qxd6 8. O-O c4 9. Bc2 e6 10. b3 Be7 11. Na3 O-O 12. Nxc4 Nxc4 13. bxc4 e5 14. Re1 f5 15. d4 e4 16. c5 Qg6 17. Nd2 Kh8 18. f3 Bh4 19. Re2 b6 20. Ba3 Ba6 21. fxe4 Bxe2 22. Qxe2 fxe4 23. Bxe4 Qh6 24. Nf3 bxc5 25. Nxh4 Qxh4 26. Bxc6 Rac8 27. d5 Qf6 28. Qe1 Qd6 29. Qe3 Qf4 30. Qxf4 Rxf4 31. Bxc5 Rc4 32. Bd4 Kg8 33. Re1 Kf7 34. a4 a6 35. a5 g6 36. Bb7 Kg8 37. Bxc8 1-0

[Event "January 2 Early 2024"]
[Site "https://www.chess.com"]
[Date "2024.01.02"]
[Round "1"]
[White "Hrebenshchykova, Yelyzaveta"]
[Black "Brodsky, David"]
[Result "0-1"]
[Board "64"]
[TimeControl "180+1"]
[WhiteFideId "14159899"]
[BlackFideId "2073250"]
[WhiteElo "2478"]
[BlackElo "2915"]
[WhiteTeam "UKR"]
[BlackTeam "USA"]
[WhiteClock "0:00:00"]
[BlackClock "0:00:10"]

1. e4 c5 2. Nf3 d6 3. d4 cxd4 4. Nxd4 Nf6 5. Nc3 a6 6. Bc4 e6 7. Be3 b5 8. Bb3 Be7 9. a3 O-O 10. Qe2 Bb7 11. f3 Nc6 12. O-O-O Na5 13. Ba2 Rc8 14. Kb1 Rxc3 15. bxc3 Qc7 16. Rd3 d5 17. e5 Nd7 18. f4 Nc5 19. Bd2 Nxd3 20. cxd3 Bxa3 21. g4 Nc6 22. Nc2 Be7 23. g5 d4 24. Rg1 dxc3 25. Bxc3 b4 26. Bb2 b3 27. Bxb3 Qb6 28. Rg3 Qxb3 29. Rh3 Nb4 30. Nxb4 Bxb4 31. Qh5 Rc8 32. Qxh7+ Kf8 33. Qh5 Ba3 34. Qe2 Qxb2+ 35. Qxb2 Bxb2 36. Kxb2 Ke7 37. Rh7 g6 38. h4 Bf3 39. Rh6 a5 0-1

[Event "January 2 Early 2024"]
[Site "https://www.chess.com"]
[Date "2024.01.02"]
[Round "1"]
[White "Dardha, Daniel"]
[Black "Kostov, Deyan Samuil"]
[Result "1-0"]
[Board "65"]
[TimeControl "180+1"]
[WhiteFideId "240990"]
[BlackFideId "30909015"]
[WhiteElo "2913"]
[BlackElo "2477"]
[WhiteTeam "BEL"]
[BlackTeam "BUL"]
[WhiteClock "0:01:21"]
[BlackClock "0:00:40"]

1. d4 d5 2. c4 dxc4 3. Nf3 a6 4. e3 Bg4 5. Bxc4 e6 6. h3 Bh5 7. O-O Nf6 8. Nc3 Nc6 9. Re1 Bd6 10. g4 Bg6 11. e4 Nd7 12. Bf1 O-O 13. Bg5 Be7 14. Be3 e5 15. d5 Ncb8 16. Qd2 Bd6 17. h4 h5 18. g5 f5 19. gxf6 gxf6 20. Bh3 f5 21. Bxf5 Bxf5 22. exf5 Rxf5 23. Ng5 Nf8 24. Qd3 Qf6 25. Kh1 e4 26. Ncxe4 Qe5 27. f4 Qe7 28. Nxd6 Rxg5 29. hxg5 Qxd6 30. Qf5 Nbd7 31. Bd4 c6 32. g6 cxd5 33. Qf7# 1-0

[Event "January 2 Early 2024"]
[Site "https://www.chess.com"]
[Date "2024.01.02"]
[Round "1"]
[White "Postnikov, Daniil"]
[Black "Klimkowski, Jan"]
[Result "0-1"]
[Board "66"]
[TimeControl "180+1"]
[WhiteFideId "4166329"]
[BlackFideId "21856222"]
[WhiteElo "2477"]
[BlackElo "2913"]
[WhiteTeam "RUS"]
[BlackTeam "POL"]
[WhiteClock "0:00:00"]
[BlackClock "0:00:03"]

1. e4 c5 2. Nf3 g6 3. c3 Bg7 4. d4 d6 5. Be2 Nf6 6. Nbd2 O-O 7. O-O Qc7 8. h3 a6 9. a4 cxd4 10. cxd4 Nc6 11. d5 Nb4 12. a5 b6 13. axb6 Qxb6 14. Nc4 Qc7 15. Bd3 Nd7 16. Be3 Nxd3 17. Qxd3 Nc5 18. Bxc5 Qxc5 19. Rfc1 Qb5 20. Nd4 Bxd4 21. Qxd4 Rb8 22. Ra2 Bd7 23. Ne3 Rb7 24. Ng4 Bxg4 25. hxg4 Rfb8 26. f3 Qe2 27. Qf2 Qxf2+ 28. Kxf2 Rxb2+ 29. Rxb2 Rxb2+ 30. Kg3 Rb7 31. Rc8+ Kg7 32. Ra8 Rb6 33. Ra7 Kf6 34. g5+ Kxg5 35. Rxe7 Kf6 36. Ra7 g5 37. f4 h6 38. Kg4 gxf4 39. Kxf4 h5 40. Rd7 h4 41. Ra7 Kg6 42. Ra8 f6 43. Rh8 a5 44. Rxh4 a4 45. Rh1 Ra6 46. Ra1 a3 47. Ra2 Ra4 48. g4 Ra5 49. Kf3 Kg5 50. Kg3 Ra6 51. Kf3 Ra4 52. Kg3 Rxe4 53. Rxa3 Rxg4+ 54. Kf3 Rd4 55. Ra5 Kf5 56. Ke3 Ke5 57. Ra8 Rxd5 58. Re8+ Kf5 59. Rf8 Re5+ 60. Kf3 Re4 61. Rd8 Rd4 62. Rd7 d5 63. Ke3 Re4+ 64. Kf3 Ke5 65. Rd8 Kd4 66. Re8 Rxe8 0-1

[Event "January 2 Early 2024"]
[Site "https://www.chess.com"]
[Date "2024.01.02"]
[Round "1"]
[White "Ibarra Jerez, Jose Carlos"]
[Black "Ortega Amarelle, Mariano"]
[Result "1-0"]
[Board "67"]
[TimeControl "180+1"]
[WhiteFideId "2226332"]
[BlackFideId "3504301"]
[WhiteElo "2910"]
[BlackElo "2476"]
[WhiteTeam "ESP"]
[BlackTeam "CPV"]
[WhiteClock "0:00:04"]
[BlackClock "0:00:00"]

1. e4 e5 2. Nf3 Nc6 3. Bb5 Nf6 4. O-O d6 5. d4 exd4 6. Nxd4 Bd7 7. Nc3 Be7 8. Bxc6 bxc6 9. Bf4 O-O 10. Re1 Ng4 11. Nxc6 Bxc6 12. Qxg4 Rb8 13. b3 Rb4 14. a3 Bf6 15. e5 Rxf4 16. Qxf4 Bxe5 17. Rxe5 dxe5 18. Qxe5 Re8 19. Qc5 Qd2 20. h3 Ba8 21. Nb5 Qd7 22. Nxc7 Rc8 23. Re1 h5 24. Re7 Qd1+ 25. Kh2 Qf1 26. Qg5 Bc6 27. Ne6 g6 28. Nd4 Qxf2 29. Nxc6 Rxc6 30. Qe5 Rf6 31. Re8+ Kg7 32. Qb8 h4 33. Rg8+ Kh6 34. Rh8+ Kg5 35. Qe5+ Rf5 36. Qe7+ Rf6 37. Qe5+ Rf5 38. Qd6 Qf4+ 39. Qxf4+ Rxf4 40. Rc8 Rf2 41. Kg1 Rd2 42. Rc7 f5 43. b4 Kf4 44. Rc3 g5 45. b5 g4 46. hxg4 fxg4 47. a4 g3 48. Kf1 Rf2+ 49. Kg1 Rd2 50. Rf3+ Kg4 51. c4 1-0

[Event "January 2 Early 2024"]
[Site "https://www.chess.com"]
[Date "2024.01.02"]
[Round "1"]
[White "Pourkashiyan, Atousa"]
[Black "Grigorov, Grigor"]
[Result "0-1"]
[Board "68"]
[TimeControl "180+1"]
[WhiteFideId "12502014"]
[BlackFideId "2907313"]
[WhiteElo "2475"]
[BlackElo "2908"]
[WhiteTeam "USA"]
[BlackTeam "BUL"]
[WhiteClock "0:00:00"]
[BlackClock "0:01:04"]

1. e4 c6 2. d4 d5 3. Nc3 dxe4 4. Nxe4 Nf6 5. Nxf6+ exf6 6. c3 Bd6 7. Bd3 O-O 8. Ne2 Re8 9. O-O Nd7 10. Ng3 g6 11. Ne4 Be7 12. Re1 f5 13. Ng3 Nf6 14. Bg5 Be6 15. Qd2 b5 16. a4 a6 17. h3 Qd7 18. axb5 axb5 19. Ne2 Nd5 20. Bxe7 Qxe7 21. Nf4 Qg5 22. g3 Rxa1 23. Rxa1 h5 24. Qc1 Qf6 25. Nxd5 Bxd5 26. Bf1 h4 27. Qf4 hxg3 28. Qxg3 f4 29. Qg4 Kg7 30. Bg2 f3 31. Bf1 Rh8 32. Re1 Rh5 33. Kh1 Rg5 34. Qd7 Qf4 35. Qe7 Rh5 36. Qe3 Qh4 37. Qe7 Qxf2 38. Qe3 Qxe1 39. Qxe1 f2+ 0-1